 Dungeon Crawl Stone Soup version 0.27.0-1-g7a089689b8 (webtiles) character file.

Game seed: 15489029440183567416

58 tilp the Sneak (level 3, 0/28 HPs)
             Began as a Vampire Hunter on Aug 3, 2021.
             Succumbed to an adder's poison
             ... on level 2 of the Dungeon.
             The game lasted 00:02:25 (1638 turns).

tilp the Sneak (Vampire Hunter)                     Turns: 1638, Time: 00:02:25

Health: 0/28       AC:  6    Str: 12    XL:     3   Next: 76%
Magic:  3/3        EV:  9    Int: 13    God:
Gold:   38         SH:  0    Dex: 14    Spells: 2/2 levels left

rFire    . . .     SeeInvis +   a - +0 whip (elec)
rCold    . . .     Faith    .   (no shield)
rNeg     . . .     Spirit   .   h - +0 scale mail
rPois    .         Reflect  .   (no helmet)
rElec    .         Harm     .   (no cloak)
rCorr    .         Rampage  .   (no gloves)
Will     .....                  (no boots)
Stlth    +.........             (no amulet)
HPRegen  0.29/turn              (no ring)
MPRegen  0.08/turn              (no ring)

@: lethally poisoned (0 -> 0), healing quickly
A: alive, fangs 3, see invisible, vampiric 2
a: Exsanguinate


You were on level 2 of the Dungeon.
You visited 1 branch of the dungeon, and saw 2 of its levels.

You collected 38 gold pieces.

Inventory:

Hand Weapons
 a - a +0 whip of electrocution (weapon)
 b - a +1 short sword
Missiles
 c - 5 javelins (quivered)
 d - 2 throwing nets
 f - 3 silver boomerangs
Armour
 e - a +0 chain mail
 g - a +0 leather armour
 h - a +0 scale mail (worn)
Magical Staves
 l - a staff of fire
Scrolls
 j - a scroll of fear
 k - 2 scrolls of magic mapping


   Skills:
 * Level 2.5 Fighting
 - Level 3.2 Throwing
 + Level 2.6 Dodging
 + Level 4.4 Stealth


You had 2 spell levels left.
You didn't know any spells.
Your spell library was empty.

Dungeon Overview and Level Annotations

Branches:
Dungeon (2/15)

Altars:


Innate Abilities, Weirdness & Mutations

Your natural rate of healing is accelerated.
You have razor-sharp teeth.
You have supernaturally acute eyesight. (SInv)
You are afflicted with vampirism and can become a bat while bloodless.


Message History

The adder poisons you! The adder bites you but does no damage.
You miss the adder.
The adder is moderately wounded.
You feel sick. The adder bites you.
You are more poisoned.
The adder poisons you!
You are too injured to fight recklessly!
You are too injured to fight recklessly!
You barely miss the adder.
The adder is moderately wounded.
You feel sick. The adder bites you.
* * * LOW HITPOINT WARNING * * *
You are lethally poisoned!
The adder poisons you!
You closely miss the adder.
The adder is moderately wounded.
* * * LOW HITPOINT WARNING * * *
You feel very sick.
The adder bites you but does no damage. x2
Unknown command.
You aren't carrying any potions.
You hit the adder. Lightning courses through the adder!
You kill the adder!
* * * LOW HITPOINT WARNING * * *
You feel sick.
* * * LOW HITPOINT WARNING * * *
You feel sick.
You see here an adder corpse.
Unknown command.
There is a lethal amount of poison in your body!
Unknown command.
* * * LOW HITPOINT WARNING * * *
You feel sick.
* * * LOW HITPOINT WARNING * * *
You feel sick.
* * * LOW HITPOINT WARNING * * *
You feel sick.
* * * LOW HITPOINT WARNING * * *
You feel sick.
You die...

######.##........#.
#......##.##.###...
#....#.#..............
...###†#..#...#..##...
.###...##........#....
###....).#.....#.......
##...#....##....#.......
....#...(..#....#...#.##
#.##...@##.##...#..##.#
#.....⌠..#..#.........#
##..#....##.##......#
#...?.... ..#......#
##..#..... +#.....
#......### ##....
##...### .## ## #.


There were no monsters in sight!

Vanquished Creatures
  2 adders (D:2)
  A worm (D:2)
  A dart slug (D:1)
  3 ball pythons (D:1)
  7 endoplasms (D:1)
  A goblin (D:1)
  2 hobgoblins (D:1)
  5 jackals (D:1)
  A quokka (D:1)
  2 bats (D:1)
  3 frilled lizards (D:1)
  4 kobolds
  2 rats (D:1)
34 creatures vanquished.

Notes
Turn   | Place    | Note
-------+----------+-------------------------------------------
     0 | D:1      | tilp the Vampire Hunter began the quest for the Orb.
     0 | D:1      | Reached XP level 1. HP: 16/16 MP: 1/1
   114 | D:1      | Reached skill level 2 in Stealth
   244 | D:1      | Reached skill level 3 in Stealth
   245 | D:1      | Reached XP level 2. HP: 20/22 MP: 2/2
   463 | D:1      | Reached skill level 4 in Stealth
   596 | D:1      | Gained mutation: You are afflicted with vampirism and can
                  | become a bat while bloodless. [Vampire growth]
   596 | D:1      | Reached XP level 3. HP: 27/27 MP: 3/3
   625 | D:1      | Found a faded altar of an unknown god.
  1637 | D:2      | HP: 1/28 [poisoned by an adder]
  1638 | D:2      | Succumbed to an adder's poison

Illustrated notes

Levels and vault maps discovered:
D:1:      lemuel_arrival_funnel, layout_basic, shapermc_ecumenical_altar_gd
D:2:      minmay_skewed_foursquare, layout_basic

Skill      XL: |  1  2 |
---------------+-------+-----
Stealth        | 3 4 |  4.4
Fighting       | 2 |  2.5
Throwing       | |  3.2
Dodging        | |  2.6

Action                   || total
-------------------------++-------
Melee: Short sword       ||   131
       Bite              ||    16
       Whip              ||    14
Throw: Javelin           ||     3
  Use: Scroll            ||     5
 Stab: Sleeping          ||     2
Armor: Leather armour    ||    16
       Chain mail        ||    23
       Scale mail        ||    13
Dodge: Dodged            ||    65
